 Dungeon Crawl Stone Soup version 0.22-a0-247-gbddf880 (webtiles) character file.

79753 Amnesiac the Nimble (level 16, -4/122 HPs)
             Began as a Formicid Earth Elementalist on Feb 23, 2018.
             Was a High Priest of Dithmenos.
             Killed from afar by a deep elf mage (35 damage)
             ... with a bolt of cold
             ... on level 2 of the Elven Halls.
             The game lasted 01:23:04 (29130 turns).

Amnesiac the Nimble (Formicid Earth Elementalist)  Turns: 29130, Time: 01:23:05

Health: -4/122     AC:  7    Str: 17    XL:     16   Next: 12%
Magic:  3/30       EV: 19    Int: 27    God:    Dithmenos [*****.]
Gold:   2301       SH: 15    Dex: 13    Spells: 1/35 levels left

rFire    . . .     SeeInvis +   a - +4 dagger (venom)
rCold    . . .     Gourm    .   c - +0 shield
rNeg     + . .     Faith    .   J - +5 robe "Suaz" {rN+ Str+2 Int+7 Dex-2}
rPois    .         Spirit   .   (helmet unavailable)
rElec    .         Reflect  +   (no cloak)
rCorr    .         Harm     .   (no gloves)
MR       +....                  (no boots)
Stlth    ++........             y - +4 amulet of reflection
HPRegen  0.30/turn              F - +4 ring of dexterity
MPRegen  0.22/turn              h - ring of stealth

@: contaminated, glowing
A: permanent stasis, dig shafts and tunnels, four strong arms, antennae 3
a: Dig, Shaft Self, Shadow Step, Shadow Form, Renounce Religion


You were on level 2 of the Elven Halls.
You worshipped Dithmenos.
Dithmenos was extremely pleased with you.
You were not hungry.

You visited 5 branches of the dungeon, and saw 21 of its levels.
You also visited: Ossuary.

You collected 2301 gold pieces.

Inventory:

Hand Weapons
 a - a +4 dagger of venom (weapon)
 b - a +0 blowgun
 e - a +2 dagger of venom
 i - a +2 dagger of distortion
 t - a +3 hunting sling of freezing
Missiles
 m - 4 needles of confusion
 u - 86 poisoned needles
 A - 345 stones (quivered)
 D - 3 throwing nets
 R - 8 curare-tipped needles
Armour
 c - a +0 shield (worn)
 j - the +7 chain mail of Asoafyar {Int+6 Dex+3}
   (You found it on level 1 of the Elven Halls)

   It affects your intelligence (+6).
   It affects your dexterity (+3).
 q - a +2 robe of the Archmagi
 r - a +1 leather armour of fire resistance
 J - the +5 robe "Suaz" (worn) {rN+ Str+2 Int+7 Dex-2}
   (You found it on level 14 of the Dungeon)

   It affects your strength (+2).
   It affects your intelligence (+7).
   It affects your dexterity (-2).
   It protects you from negative energy.
Jewellery
 g - an uncursed ring of positive energy {unknown}
 h - a ring of stealth (right hand)
 y - a +4 amulet of reflection (around neck)
 F - a +4 ring of dexterity (left hand)
Wands
 f - a wand of enslavement (8)
 z - a wand of paralysis (4)
 H - a wand of disintegration (10)
 Q - a wand of acid (14)
 S - a wand of polymorph (16)
Scrolls
 o - 3 scrolls of amnesia {!r}
 s - 7 scrolls of remove curse {!r}
 x - a scroll of summoning {!r}
 B - 4 scrolls of enchant armour {!r}
 C - a scroll of enchant weapon {!r}
 G - a scroll of magic mapping {!r}
Potions
 k - 10 potions of curing {!q}
 n - 4 potions of might {!q}
 p - 3 potions of flight {!q}
 v - 3 potions of brilliance {!q}
 w - a potion of agility {!q}
 E - a potion of lignification {!q}
 I - 2 potions of ambrosia {!q}
 N - a potion of magic {!q}
 O - 3 potions of cancellation {!q}
 T - a potion of experience {!q}
Comestibles
 d - 17 rations


   Skills:
 + Level 10.1 Fighting
 - Level 10.0 Short Blades
 + Level 11.9 Dodging
 + Level 10.7 Stealth
 - Level 9.0 Shields
 - Level 10.0 Spellcasting
 - Level 10.1 Hexes
 - Level 10.0 Transmutations
 - Level 10.0 Earth Magic


You had one spell level left.
You knew the following spells:

 Your Spells              Type           Power        Failure   Level  Hunger
a - Sandblast             Erth           ######       1%          1    None
b - Passwall              Tmut/Erth      ######....   1%          2    None
c - Ozocubu's Armour      Chrm/Ice       ##......     13%         3    None
d - Lee's Rapid Deconstr  Erth           ######....   1%          5    ####...
e - Petrify               Tmut/Erth      ######..     1%          4    None
g - Irradiate             Conj/Tmut      #####.....   16%         5    ####...
h - Mephitic Cloud        Conj/Pois/Air  ##......     13%         3    None
i - Alistair's Intoxicat  Tmut/Pois      #####...     16%         5    ####...
w - Yara's Violent Unrav  Hex/Tmut       ######....   1%          5    ####...
z - Confusing Touch       Hex            ######       1%          1    None


Dungeon Overview and Level Annotations

Branches:
Dungeon (15/15)            Temple (1/1) D:5            Lair (1/6) D:11
    Orc (2/2) D:12            Elf (2/3) Orc:2        Vaults (0/5) D:14
 Depths: D:15

Altars:
Cheibriados
Dithmenos
Fedhas
Hepliaklqana
Makhleb
Nemelex Xobeh
Okawaru
Qazlal
Ru
Sif Muna
Trog
Vehumet
Xom
Yredelemnul
Zin
The Shining One
Beogh

Shops:
Orc:1 *   Orc:2 *[((   Elf:1 %

Portals:
Trove: D:15 (give +3 ice dragon scales)

Annotations:
D:13 Kirke
D:15 exclusion: door
Elf:2 3 runed doors


Innate Abilities, Weirdness & Mutations

You cannot be hasted, slowed, berserked, paralysed or teleported.
You can dig through walls and to a lower floor.
Your four strong arms can wield two-handed weapons with a shield.
You have a pair of large antennae on your head. (SInv)


Message History

The deep elf archer misses you.
Press: ? - help, v - describe, . - travel
Here: a deep elf archer, wielding a short sword and wearing a leather armour (heavily wounded, repelling missiles, misshapen and mutated, umbra)
The floor.
You eat one of the 18 rations.
That ration really hit the spot!
The deep elf archer hits you with an uncursed short sword.
* * * LOW HITPOINT WARNING * * *
The deep elf mage gestures wildly while chanting.
The deep elf mage blinks!
The deep elf archer unwields an uncursed enchanted dagger.
The deep elf archer wields an uncursed longbow.
The deep elf archer shoots an arrow.
The arrow misses you.
The deep elf archer unwields an uncursed short sword.
The deep elf archer wields an uncursed glowing shortbow.
The deep elf archer shoots an arrow.
The arrow misses you.
The deep elf mage points at you and mumbles some strange words.
The shard of ice reflects off an invisible shield around you!
The shard of ice hits the deep elf mage.
Casting: Irradiate (quite dangerous; 16% risk of failure)
Confirm with . or Enter, or press ? or * to list all spells.
Aiming: Petrify (safe; 1% risk of failure)
Press: ? - help, Shift-Dir - straight line, f - deep elf mage
Aim: a deep elf mage, wielding a short sword (heavily wounded, umbra, chance to defeat MR: 61%)
Okay, then.
Adjust (i)tems, (s)pells, or (a)bilities?
Adjust which spell? f - Yara's Violent Unravelling Adjust to which letter? w - Yara's Violent Unravelling
Casting: Petrify (safe; 1% risk of failure)
Confirm with . or Enter, or press ? or * to list all spells.
Aiming: Yara's Violent Unravelling (safe; 1% risk of failure)
Press: ? - help, Shift-Dir - straight line Nothing appears to happen.
You block the deep elf mage's attack.
You hit the deep elf mage.
The deep elf mage is poisoned.
The deep elf mage is severely wounded.
You barely miss the deep elf archer.
The deep elf archer is heavily wounded.
You hit the deep elf archer.
The deep elf archer is poisoned.
The deep elf archer is heavily wounded.
The deep elf mage mumbles some strange words.
The deep elf mage blinks!
You puncture the deep elf archer!
The deep elf archer looks as sick as possible!
The deep elf archer is severely wounded.
The deep elf archer blinks!
You hit the deep elf archer.
The deep elf archer is almost dead.
The deep elf archer blinks!
The deep elf mage points at you and mumbles some strange words.
The bolt of cold hits you!
* * * LOW HITPOINT WARNING * * *
Really quaff
k - 11 potions of curing {!q}?
You feel better.
The deep elf archer shoots an arrow.
The arrow hits you!
* * * LOW HITPOINT WARNING * * *
x2 Evoke which item? (* to show all) (? for menu, Esc to quit)
Aiming: Corrosive Bolt
Press: ? - help, Shift-Dir - straight line, f - deep elf archer
Aim: a deep elf archer, wielding a shortbow of velocity and wearing a leather armour (almost dead, poisoned, repelling missiles, misshapen and mutated, umbra)
The bolt of acid misses the deep elf mage.
The bolt of acid misses the deep elf archer.
The deep elf mage gestures at you while chanting.
The bolt of cold hits you!
You die...

........... +
##.>....... { +.
#########..........
+.##...#...##.........
#......#.)............
#...#..#..#).e[.......
##.#..###)e#.##++#####
#.#...#.#.).#.#
##.#.@ยงยงยง.)#.##..#
#.......$..(.....#
#.....).########
#......## #.....##
#).#### #... #!..#


You could see 2 deep elf archers and a deep elf mage.

Vanquished Creatures
  A deep elf annihilator (Elf:1)
  A deep elf high priest (Elf:1)
  Erolcha (Orc:2)
  8 vault guards
  A death knight (D:13)
  Erica (Orc:1)
  5 centaur warriors
  6 two-headed ogres
  9 dancing weapons
  A tengu warrior (D:15)
  A death yak (D:11)
  3 ogre magi (D:14)
  Urug (D:13)
  6 orc high priests
  The ghost of ThereIsNoGod the Eclecticist, a journeyman SpVM of Gozag (Orc:2)
  A fire crab (D:14)
  3 deep elf knights
  A deep elf archer (D:15)
  2 unseen horrors
  11 wizards
  4 orc sorcerers
  A harpy (shapeshifter) (D:13)
  A cyclops (D:11)
  6 orc knights (Orc:2)
  23 deep elf magi
  2 manticores
  7 ugly things
  A centaur zombie (D:13)
  An elephant (D:11)
  3 centaur skeletons
  4 kobold demonologists
  A freezing wraith (D:13)
  A komodo dragon (D:14)
  2 tengu conjurers
  A jumping spider (shapeshifter) (D:14)
  5 trolls
  A hornet (D:13)
  A harpy skeleton (D:15)
  4 hippogriffs
  A meliai zombie (D:11)
  An air elemental (Elf:2)
  A water elemental (Elf:2)
  3 vampires
  4 wraiths
  2 basilisks
  A wyvern (D:13)
  10 hogs
  17 yaks
  A human (D:9)
  4 vampire mosquitoes (D:15)
  2 wargs (Orc:2)
  2 soldier ants
  2 water moccasins (D:11)
  Duvessa (D:5)
  2 sky beasts
  4 ice beasts
  2 black bears
  34 orc warriors
  2 phantoms
  An eye of draining (D:13)
  6 ogres
  21 centaurs
  A crocodile (D:11)
  The ghost of mortelune the Chiller, an amateur DsIE (D:3)
  8 big kobolds
  3 bullfrogs
  Dowan (D:5)
  5 scorpions
  5 killer bees (D:10)
  15 crimson imps
  A bullfrog zombie (D:3)
  A quasit (D:14)
  6 jellies
  32 orc priests
  18 orc wizards
  6 hounds
  3 bullfrog skeletons
  2 iguanas
  14 worker ants
  2 hound skeletons
  8 mummies (Ossuary)
  3 worker ant zombies
  11 adders
  15 gnolls
  5 shadow imps
  3 white imps (D:14)
  An adder zombie (D:9)
  An adder skeleton (D:9)
  2 worms
  A dart slug (D:5)
  6 leopard geckos
  79 orcs
  7 giant cockroaches
  3 gnoll zombies (Ossuary)
  34 hobgoblins
  11 jackals
  3 quokkas
  2 ball pythons
  10 bats
  5 frilled lizards
  24 goblins
  A hobgoblin zombie (Ossuary)
  4 jackal skeletons
  A jackal zombie (D:5)
  31 kobolds
  2 kobold zombies (Ossuary)
  A leopard gecko skeleton (D:4)
  2 orc zombies (Ossuary)
  10 rats
667 creatures vanquished.

Notes
Turn   | Place    | Note
-------+----------+-------------------------------------------
     0 | D:1      | Amnesiac the Formicid Earth Elementalist began the quest for the Orb.
     0 | D:1      | Reached XP level 1. HP: 13/13 MP: 3/3
     5 | D:1      | You fall through a shaft!
    41 | D:2      | Reached XP level 2. HP: 15/19 MP: 1/5
    60 | D:2      | Learned a level 2 spell: Passwall
   417 | D:3      | Reached XP level 3. HP: 24/24 MP: 4/7
   459 | D:4      | Noticed a scorpion
   533 | D:4      | Found a sacrificial altar of Ru.
   642 | D:5      | Entered Level 5 of the Dungeon
   684 | D:5      | Reached XP level 4. HP: 20/30 MP: 4/8
   725 | D:5      | Found a staircase to the Ecumenical Temple.
   731 | Temple   | Entered the Ecumenical Temple
   788 | Temple   | Became a worshipper of Dithmenos the Shadowed
   999 | D:5      | Found a shimmering altar of Xom.
  1093 | D:5      | Noticed Duvessa
  1116 | D:5      | Noticed Dowan
  1129 | D:5      | Killed Dowan
  1129 | D:5      | Reached XP level 5. HP: 35/35 MP: 2/10
  1201 | D:5      | Found a sand-covered staircase.
  1243 | D:5      | Learned a level 4 spell: Petrify
  1244 | Ossuary  | Entered an ossuary
  1434 | Ossuary  | Reached skill level 5 in Earth Magic
  1545 | Ossuary  | Reached XP level 6. HP: 27/41 MP: 1/11
  1682 | Ossuary  | Reached * piety under Dithmenos
  1767 | Ossuary  | Reached skill level 1 in Short Blades
  2680 | D:1      | Reached ** piety under Dithmenos
  3209 | D:2      | Reached XP level 7. HP: 46/46 MP: 9/12
  3499 | D:2      | Found an iron altar of Okawaru.
  3763 | D:3      | Reached skill level 2 in Dodging
  3789 | D:3      | Found a hazy altar of Hepliaklqana.
  4225 | D:2      | Reached skill level 3 in Dodging
  4303 | D:3      | Noticed mortelune's ghost (amateur DsIE)
  4453 | D:3      | Killed mortelune's ghost
  4559 | D:3      | Reached skill level 4 in Dodging
  4670 | D:3      | Reached *** piety under Dithmenos
  5361 | D:4      | Reached XP level 8. HP: 33/52 MP: 13/13
  5538 | D:4      | Reached skill level 5 in Dodging
  5714 | D:4      | Found a blossoming altar of Fedhas.
  6277 | D:4      | Learned a level 5 spell: Lee's Rapid Deconstruction
  6612 | D:4      | Reached skill level 6 in Dodging
  6613 | D:4      | Reached **** piety under Dithmenos
  8016 | D:5      | Killed Duvessa
  8292 | D:6      | Found a basalt altar of Yredelemnul.
  8316 | D:6      | Reached XP level 9. HP: 64/64 MP: 14/14
  8543 | D:6      | Reached skill level 5 in Fighting
  8849 | D:6      | Found a sparkling altar of Nemelex Xobeh.
  9006 | D:6      | Found a deep blue altar of Sif Muna.
  9466 | D:7      | Noticed a hippogriff
  9508 | D:7      | Killed a hippogriff
  9508 | D:7      | Reached ***** piety under Dithmenos
  9644 | D:7      | Learned a level 1 spell: Confusing Touch
  9648 | D:7      | Learned a level 3 spell: Ozocubu's Armour
  9675 | D:8      | Noticed a two-headed ogre
  9690 | D:8      | Killed a two-headed ogre
  9690 | D:8      | Reached skill level 5 in Spellcasting
  9768 | D:8      | Reached XP level 10. HP: 74/74 MP: 13/18
 10039 | D:8      | Reached skill level 10 in Earth Magic
 10627 | D:9      | Found a stormy altar of Qazlal.
 11087 | D:9      | Found a stormy altar of Qazlal.
 11236 | D:9      | Reached skill level 5 in Short Blades
 11334 | D:9      | Noticed a two-headed ogre
 11346 | D:9      | Killed a two-headed ogre
 11346 | D:9      | Reached skill level 5 in Stealth
 11542 | D:9      | Found a burning altar of Makhleb.
 11543 | D:9      | Found a radiant altar of Vehumet.
 11661 | D:10     | Entered Level 10 of the Dungeon
 11699 | D:10     | Noticed a two-headed ogre
 11728 | D:10     | Killed a two-headed ogre
 11728 | D:10     | Reached XP level 11. HP: 41/79 MP: 1/21
 12199 | D:10     | Noticed an unseen horror
 12210 | D:10     | Killed an unseen horror
 13354 | D:11     | Noticed a cyclops
 13361 | D:11     | Killed a cyclops
 13427 | D:11     | Noticed a death yak
 13483 | D:11     | Noticed an elephant
 13489 | D:11     | Killed an elephant
 13548 | D:11     | Found a staircase to the Lair.
 13704 | D:11     | Reached XP level 12. HP: 43/86 MP: 1/22
 13816 | D:11     | Reached skill level 10 in Short Blades
 14339 | D:11     | Reached skill level 10 in Stealth
 14518 | D:11     | Reached skill level 7 in Dodging
 14666 | Lair:1   | Entered Level 1 of the Lair of Beasts
 14981 | D:11     | Killed a death yak
 15131 | D:12     | Reached ****** piety under Dithmenos
 15450 | D:12     | Reached skill level 8 in Dodging
 15867 | D:12     | Found a staircase to the Orcish Mines.
 16173 | D:13     | Noticed a centaur warrior
 16183 | D:13     | Noticed Urug
 16183 | D:13     | Killed Urug
 16209 | D:13     | Noticed a centaur warrior
 16463 | D:13     | Killed a centaur warrior
 16463 | D:13     | Reached skill level 9 in Dodging
 16738 | D:13     | Killed a centaur warrior
 16744 | D:13     | HP: 2/91 [centaur/arrow[a centaur warrior] (15)]
 16802 | D:13     | Reached XP level 13. HP: 33/98 MP: 12/23
 17305 | D:13     | Noticed a centaur warrior
 17305 | D:13     | Reached skill level 10 in Dodging
 17623 | D:13     | Killed a centaur warrior
 18706 | D:14     | Noticed a vault guard
 18865 | D:14     | Killed a vault guard
 18876 | D:14     | Noticed a vault guard
 19134 | D:14     | Noticed a vault guard
 19136 | D:14     | Noticed a vault guard
 19137 | D:14     | Noticed a vault guard
 19137 | D:14     | Noticed a vault guard
 19460 | D:14     | Noticed a vault guard
 19467 | D:14     | Killed a vault guard
 19487 | D:14     | Reached skill level 11 in Dodging
 19515 | D:13     | Killed a vault guard
 19639 | D:13     | Killed a vault guard
 19785 | D:14     | Killed a vault guard
 19862 | D:14     | Found a gate to the Vaults.
 19920 | D:14     | Found a glowing golden altar of the Shining One.
 20005 | D:14     | Reached skill level 1 in Shields
 20428 | D:14     | Noticed Kirke
 20594 | D:13     | You fall through a shaft for 2 floors!
 20594 | D:15     | Entered Level 15 of the Dungeon
 20623 | D:15     | Reached skill level 5 in Shields
 20862 | D:15     | Killed a vault guard
 21055 | D:15     | Reached XP level 14. HP: 108/108 MP: 24/24
 21556 | D:14     | Learned a level 5 spell: Yara's Violent Unravelling
 21691 | D:14     | Reached skill level 1 in Hexes
 22417 | D:14     | Reached skill level 5 in Transmutations
 22726 | D:14     | Got a smoking robe
 23005 | D:14     | Identified the +5 robe "Suaz" {rN+ Str+2 Int+7 Dex-2} (You found it on level 14 of the Dungeon)
 23650 | D:14     | Reached skill level 5 in Hexes
 24011 | D:15     | Reached XP level 15. HP: 101/114 MP: 10/27
 24071 | D:15     | Found a portal to a secret trove of treasure.
 24283 | Orc:1    | Entered Level 1 of the Orcish Mines
 24285 | Orc:1    | Noticed Erica
 24298 | Orc:1    | Killed Erica
 24708 | Orc:1    | Found a bloodstained altar of Trog.
 24709 | Orc:1    | Found Hioxaump's Assorted Antiques.
 24798 | Orc:2    | Entered Level 2 of the Orcish Mines
 25289 | Orc:2    | Learned a level 5 spell: Irradiate
 25291 | Orc:2    | Found a roughly hewn altar of Beogh.
 25303 | Orc:2    | Learned a level 3 spell: Mephitic Cloud
 25462 | Orc:2    | Found a staircase to the Elven Halls.
 25601 | Orc:2    | Noticed Erolcha
 25609 | Orc:2    | Killed Erolcha
 25764 | Orc:2    | Noticed ThereIsNoGod's ghost (journeyman SpVM)
 25784 | Orc:2    | Killed ThereIsNoGod's ghost
 26617 | Orc:2    | Found Kewkaiju's Antique Weapon Boutique.
 26617 | Orc:2    | Found Fuaff's General Store.
 26617 | Orc:2    | Found Raefan's Weapon Shop.
 26617 | Orc:2    | Found Ydiatey's Armour Boutique.
 27062 | Orc:2    | Reached skill level 10 in Transmutations
 27273 | Elf:1    | Entered Level 1 of the Elven Halls
 27622 | Elf:1    | Reached skill level 10 in Spellcasting
 27636 | Orc:2    | Learned a level 5 spell: Alistair's Intoxication
 28068 | Elf:1    | Identified Neroo's Compendium of Creation
 28146 | Elf:1    | Found Dahovv Ovom's Food Emporium.
 28558 | Elf:1    | Reached skill level 10 in Hexes
 28732 | Elf:1    | Got a distressingly furry chain mail
 28743 | Elf:1    | Identified the +7 chain mail of Asoafyar {Int+6 Dex+3} (You found it on level 1 of the Elven Halls)
 29016 | Elf:1    | Reached XP level 16. HP: 121/122 MP: 24/30
 29074 | Elf:2    | Found a runed gate.
 29074 | Elf:2    | Found a runed gate.
 29094 | Elf:2    | Reached skill level 10 in Fighting
 29121 | Elf:2    | Found a runed gate.
 29130 | Elf:2    | Killed from afar by a deep elf mage

Vault maps used:
D:1:      dpeg_arrival_ratfight, hex_medium
D:2:      lemuel_coloured_pillars_altar
D:3:      lemuel_crystal_altar
D:4:      minmay_goblin_kobold_castle, lemuel_crystal_altar, kennysheep_mini,
          serial_glass, glass_columns_a, glass_columns_c
D:5:      minmay_temple_entry_enclosed_plants, first_ration,
          nicolae_ossuary_entry_monument, serial_bayou_pond_c, xom_teletrap_fun,
          uniq_duvessa
D:6:      nicolae_overflow_crystal_walls, lemuel_doored_altar,
          lemuel_round_altar, dk_noncrumbling_2
D:9:      grunt_temple_overflow_lords_of_destruction, lemuel_round_altar,
          basic_altar, grunt_livestock
D:11:     david_lair_generic, kennysheep_nub, kennysheep_small_circle
D:12:     david_orc_4
D:13:     uniq_urug
D:14:     minmay_tri_stars, erik_vaults_2, nicolae_tso_carved_into_rock,
          minmay_nine_imps, uniq_kirke
D:15:     grunt_enter_depths_magical_seal, nicolae_trove_entry_crossroad,
          spider_trap
Temple:   minmay_temple_forest_path
Lair:1:   roderic_batcave, serial_bayou_crossing
Orc:1:    serial_shops, shop, basic_altar, uniq_erica
Orc:2:    st_orc_pillars, basic_altar, uniq_erolcha
Elf:1:    minmay_elf_arrival_summoners, serial_shops, shop,
          minmay_elf_demonology, small_chamber_with_monster
Elf:2:    serial_shops, nicolae_shop_window_shopping, basic_stair_grate_trap
Ossuary:  ossuary_tomb_3

Skill      XL: |  1  2  3  4  5  6  7  8  9 10 11 12 13 14 15 16 |
---------------+-------------------------------------------------+-----
Earth Magic    | 4 5 9 10 | 10.0
Stealth        | 3 6 9 10 | 10.7
Transmutations | 2 3 8 10 | 10.0
Spellcasting   | 3 5 7 8 10 | 10.0
Short Blades   | 3 6 9 10 | 10.0
Dodging        | 4 6 9 11 | 11.9
Fighting       | 3 5 7 9 10 | 10.1
Shields        | 6 9 |  9.0
Hexes          | 5 10 | 10.1

Action                   |  1- 3 |  4- 6 |  7- 9 | 10-12 | 13-15 | 16-18 || total
-------------------------+-------+-------+-------+-------+-------+-------++-------
Melee: Unarmed           |     6 |       |       |       |     6 |       ||    12
       Dagger            |       |   174 |   396 |   409 |   589 |    10 ||  1578
 Cast: Sandblast         |    16 |    37 |    27 |    51 |    13 |       ||   144
       Passwall          |       |     5 |    19 |    30 |    54 |       ||   108
       Petrify           |       |     8 |    19 |   101 |   201 |       ||   329
       Lee's Rapid Decon |       |       |     1 |    26 |    59 |       ||    86
       Confusing Touch   |       |       |       |       |     1 |       ||     1
       Yara's Violent Un |       |       |       |       |     2 |     1 ||     3
       Irradiate         |       |       |       |       |     1 |     8 ||     9
Invok: Shadow Step       |       |       |       |       |     2 |       ||     2
 Abil: Shaft Self        |     1 |       |       |       |     1 |       ||     2
       Dig               |     1 |     3 |     4 |    10 |     5 |       ||    23
Evoke: Wand              |       |       |     2 |       |     3 |     1 ||     6
  Use: Potion            |       |       |       |     4 |    19 |     2 ||    25
       Scroll            |       |       |       |    27 |     3 |       ||    30
 Stab: Sleeping          |     1 |     4 |    25 |    31 |    51 |     1 ||   113
       Petrified         |       |    18 |    16 |    78 |   117 |       ||   229
       Paralysed         |       |       |     2 |       |       |       ||     2
       Petrifying        |       |       |     1 |    12 |    28 |       ||    41
       Invisible         |       |       |       |       |     2 |       ||     2
  Eat: Chunk             |       |     7 |    25 |    42 |    45 |       ||   119
       Ration            |       |     1 |     1 |     1 |     7 |     1 ||    11
Armor: Robe              |     2 |    17 |    27 |    18 |    12 |     2 ||    78
       Ring mail         |       |       |       |       |    24 |       ||    24
Dodge: Dodged            |     6 |   129 |   300 |   251 |   256 |    13 ||   955
Block: Other             |       |       |       |    22 |    35 |       ||    57
       Reflection        |       |       |       |     2 |    19 |     1 ||    22
       Shield            |       |       |       |       |   170 |     7 ||   177

Table legend:
 A = Spawn XP
 B = Non-spawn XP
 C = Spawn XP percentage of total XP
 D = Spawn monster count
 E = Non-spawn monster count
 F = Spawn count percentage of total count
 G = Total turns spent on level
                    A         B        C        D         E        F      G
               +---------+---------+-------+---------+---------+-------+---------
         Total |       0 |  113933 |   0.0 |       0 |     667 |   0.0 | 29130
               +---------+---------+-------+---------+---------+-------+---------
           D:1 |       0 |      36 |   0.0 |       0 |      27 |   0.0 |   745
           D:2 |       0 |     253 |   0.0 |       0 |      25 |   0.0 |  1403
           D:3 |       0 |     252 |   0.0 |       0 |      24 |   0.0 |  1096
           D:4 |       0 |     844 |   0.0 |       0 |      79 |   0.0 |  3209
           D:5 |       0 |     284 |   0.0 |       0 |       8 |   0.0 |   997
           D:6 |       0 |     462 |   0.0 |       0 |      15 |   0.0 |   859
           D:7 |       0 |     632 |   0.0 |       0 |      15 |   0.0 |   628
           D:8 |       0 |    2074 |   0.0 |       0 |      20 |   0.0 |   868
           D:9 |       0 |    2660 |   0.0 |       0 |      19 |   0.0 |  1106
          D:10 |       0 |    4564 |   0.0 |       0 |      27 |   0.0 |  1484
          D:11 |       0 |    6575 |   0.0 |       0 |      57 |   0.0 |  2094
          D:12 |       0 |    1789 |   0.0 |       0 |      31 |   0.0 |  1772
          D:13 |       0 |   12048 |   0.0 |       0 |      40 |   0.0 |  2333
          D:14 |       0 |   29398 |   0.0 |       0 |      82 |   0.0 |  3750
          D:15 |       0 |   10929 |   0.0 |       0 |      25 |   0.0 |  1520
         Orc:1 |       0 |    3493 |   0.0 |       0 |      35 |   0.0 |   481
         Orc:2 |       0 |   14368 |   0.0 |       0 |      84 |   0.0 |  2728
         Elf:1 |       0 |   16462 |   0.0 |       0 |      28 |   0.0 |  1222
         Elf:2 |       0 |    6652 |   0.0 |       0 |      10 |   0.0 |    76
       Ossuary |       0 |     158 |   0.0 |       0 |      16 |   0.0 |   637
               +---------+---------+-------+---------+---------+-------+---------
